 Dungeon Crawl Stone Soup version 0.30-a0-715-gdb4ae3ece1 (webtiles) character file.

Game seed: 3319924612544332043

5547 lesbiats the Destroyer (level 10, -2/86 HPs)
             Began as a Pale Draconian Conjurer on Jan 24, 2023.
             Was a Priest of the Shining One.
             Slain by a death yak (8 damage)
             ... on level 8 of the Dungeon on Jan 25, 2023.
             The game lasted 00:44:45 (11074 turns).

lesbiats the Destroyer (Pale Draconian Conjurer)   Turns: 11074, Time: 00:44:45

Health: -2/86      AC: 13    Str: 17    XL:     10   Next: 44%
Magic:  16/21      EV: 18    Int: 22    God:    the Shining One [***...]
Gold:   79         SH:  2    Dex:  9    Spells: 3/24 levels left

rFire   + . .      SeeInvis .    a - +1 mace (holy)
rCold   + . .      Faith    .    i - +0 buckler
rNeg    + . .      Spirit   .    (body armour unavailable)
rPois   .          Reflect  .    y - +2 hat
rElec   +          Harm     .    s - +0 cloak
rCorr   .          Rampage  .    C - +2 pair of gloves of Unreason {rElec rF+ rC+}
Will    .....                    (no boots)
Stlth   +                        (no amulet)
HPRegen 0.34/turn                n - +5 ring of evasion
MPRegen 0.17/turn                G - +6 ring of strength

@: glowing
A: breathe steam, AC +7, unfitting armour, cold-blooded, steam resistance
a: Breathe Steam, Renounce Religion, Divine Shield, Cleansing Flame


You were on level 8 of the Dungeon.
You worshipped the Shining One.
The Shining One was most pleased with you.
You visited 2 branches of the dungeon, and saw 9 of its levels.
You also visited: Bailey.

You collected 247 gold pieces.
You spent 168 gold pieces at shops.

Inventory:

Hand Weapons
 a - a +1 mace of holy wrath (weapon)
 b - the +5 war axe "Killer Klown's Regret" {antimagic, *Rage rF+ Str+3 Dex+3}
   (You found it on level 3 of the Dungeon)

   Str:       It affects your strength (+3).
   Dex:       It affects your dexterity (+3).
   rF:        It protects you from fire.
   *Rage:     It berserks you when you make melee attacks (+20% chance).
 E - a +4 great sword
Missiles
 h - 10 poisoned darts
 m - 2 throwing nets
 H - 4 silver boomerangs
Armour
 i - a +0 buckler (worn)
 s - a +0 cloak (worn)
 y - a +2 hat (worn)
 C - the +2 pair of gloves of Unreason (worn) {rElec rF+ rC+}
   (You acquired it on level 5 of the Dungeon)

   rF:        It protects you from fire.
   rC:        It protects you from cold.
   rElec:     It insulates you from electricity.
Jewellery
 n - a +5 ring of evasion (left hand)
 F - a +4 ring of protection
 G - a +6 ring of strength (right hand)
Wands
 t - a wand of paralysis (13)
 w - a wand of flame (65)
Scrolls
 c - a scroll of vulnerability {unknown}
 d - a scroll of silence {unknown}
 j - a scroll of enchant weapon
 k - a scroll of fear {unknown}
 o - 2 scrolls of immolation
 v - a scroll of amnesia {unknown}
 x - a scroll of acquirement
 D - a scroll of teleportation {unknown}
 I - a scroll of enchant armour {unknown}
Potions
 e - a potion of experience {unknown}
 f - a potion of heal wounds
 g - 5 potions of magic
 l - 2 potions of curing
 p - 2 potions of mutation
 q - 3 potions of might
 u - 3 potions of lignification
 z - a potion of attraction {unknown}
 A - a potion of cancellation {unknown}
 B - a potion of haste


   Skills:
 + Level 7.3 Fighting
 + Level 6.5 Dodging
 - Level 1.7 Stealth
 + Level 7.8 Spellcasting
 + Level 9.1 Conjurations
 * Level 4.5 Fire Magic


You had 3 spell levels left.
You knew the following spells:

 Your Spells              Type           Power      Damage    Failure   Level
a - Magic Dart            Conj           100%       1d8       1%          1
b - Searing Ray           Conj           96%        2d7       1%          2
c - Iskenderun's Mystic   Conj/Tloc      28%        2d7       16%         4
d - Fulminant Prism       Conj/Hex       14%        3d8       16%         4
e - Dazzling Flash        Conj/Hex       56%        N/A       4%          3
f - Flame Wave            Conj/Fire      38%        2d10      6%          4
g - Inner Flame           Hex/Fire       18%        N/A       12%         3

Your spell library contained the following spells:

 Spells                   Type           Power      Damage    Failure   Level
 Necrotise                Necr           32%        1d5       11%         1
 Vampiric Draining        Necr           8%         2d6       30%         3
 Sticky Flame             Conj/Fire      38%        2d6       6%          4
 Agony                    Necr           8%         N/A       96%         5


Dungeon Overview and Level Annotations

Branches:
Dungeon (8/15)             Temple (1/1) D:7            Lair (0/5) D:8
 Bailey (visited)

Altars:
Ashenzari
Cheibriados
Elyvilon
Fedhas
Gozag
Hepliaklqana
Kikubaaqudgha
Makhleb
Nemelex Xobeh
Qazlal
Ru
Sif Muna
Uskayaw
Vehumet
Wu Jian
Xom
Yredelemnul
Zin
The Shining One

Shops:
D:5 [


Innate Abilities, Weirdness & Mutations

You can breathe blasts of scalding, opaque steam.
Your pale cyan-grey scales are hard. (AC +7)
You cannot fit into any form of body armour.
You are cold-blooded and may be slowed by cold attacks.
You are immune to the effects of steam.


Message History

The flame wave engulfs the death yak!
The death yak is lightly wounded.
You hear a bellow!
You hear a shout!
The death yak gores you but does no damage.
The death yak closely misses you. The death yak gores you!!
A wave of flame ripples out!
The flame wave engulfs the death yak.
The death yak is moderately wounded.
The flame wave engulfs the death yak!
The death yak is moderately wounded.
The flame wave engulfs the death yak!
The death yak is moderately wounded.
You finish channelling waves of flame.
You hear a shout! x3
The death yak gores you!! x2
* * * LOW HITPOINT WARNING * * *
The death yak gores you!
* * * LOW HITPOINT WARNING * * *
Okay, then.
Okay, then.
You feel much better.
The yak is engulfed in a cloud of scalding steam.
The death yak gores you.
* * * LOW HITPOINT WARNING * * *
The death yak gores you but does no damage.
The death yak gores you!
* * * LOW HITPOINT WARNING * * *
Okay, then.
There is nothing on the other side of the stone arch.
As you read the scroll labelled UMPORO ALIR, it crumbles to dust.
You hear a loud clanging noise!
It was a scroll of noise.
You hear a shout!
The yak is engulfed in a cloud of scalding steam.
The death yak gores you but does no damage.
You block the death yak's attack.
The death yak gores you but does no damage.
You feel much better. The death yak gores you!
* * * LOW HITPOINT WARNING * * *
The death yak closely misses you. The death yak gores you!
You die...

...####Y##+#####.#
#†# ...# #....#
##Y# #Y# ...#
####.####..###o####
..##
#..$........?...#
..#
#..##.~~~§§Y~~~.#
#..##.≈≈~~~§≈≈~.#
#..##.~##§''##≈.#
#..##.~#YY...#~.#
#$.##.~#@YY.>#~...
#..##.~#######~.###
#.. ..~~ #....


You could see 3 death yaks, 3 yaks and an orc priest.

Vanquished Creatures
  Erica (D:8)
  Pikel (D:4)
  A gargoyle (Bailey)
  Grinder (D:4)
  Prince Ribbit (D:6)
  Sigmund (D:3)
  A vampire (Bailey)
  A wyvern (D:8)
  A water moccasin (D:5)
  3 sky beasts
  An ice beast (D:5)
  A black bear (D:6)
  3 centaurs
  4 lemures (D:4)
  Blork the orc (D:4)
  4 bullfrogs
  A scorpion (D:6)
  2 necrophages
  4 wights (D:6)
  6 killer bees (D:6)
  A howler monkey (D:5)
  8 vampire bats (Bailey)
  9 wolf zombies (Bailey)
  A crimson imp (D:7)
  4 hounds
  3 jellies
  An orc priest (D:8)
  A gnoll bouda (D:6)
  Crazy Yiuf (D:3)
  Natasha (thrice) (D:3)
  An iguana (D:6)
  5 orc wizards
  11 gnolls
  9 adders
  2 white imps
  2 ufetubi
  3 dart slugs
  12 orcs
  8 endoplasms
  6 giant cockroaches
  12 hobgoblins
  2 jackals (D:1)
  7 kobolds
  3 quokkas
  9 ball pythons
  2 bats (D:2)
  3 frilled lizards (D:1)
  7 goblins
  15 orc zombies (Bailey)
  6 rats
196 creatures vanquished.

Vanquished Creatures (others)
  A quokka (D:6)
  A fulminant prism (D:6)
  19 plants
21 creatures vanquished.

Grand Total: 217 creatures vanquished

Notes
Turn   | Place    | Note
-------+----------+-------------------------------------------
     0 | D:1      | lesbiats the Draconian Conjurer began the quest for the
                  | Orb.
     0 | D:1      | Reached XP level 1. HP: 14/14 MP: 3/3
   281 | D:1      | Reached XP level 2. HP: 8/22 MP: 0/5
   536 | D:1      | You fall into a shaft and drop 1 floor!
   860 | D:1      | Reached skill level 1 in Fighting
  1194 | D:1      | Reached XP level 3. HP: 28/28 MP: 4/6
  1439 | D:1      | Learned a level 2 spell: Searing Ray
  1443 | D:1      | Learned a level 3 spell: Dazzling Flash
  1973 | D:2      | Reached XP level 4. HP: 35/35 MP: 5/8
  2467 | D:2      | Found a faded altar of an unknown god.
  2795 | D:3      | Noticed Sigmund
  3053 | D:3      | Noticed Natasha
  3057 | D:3      | Killed Natasha
  3191 | D:3      | Found a runed translucent door.
  3192 | D:3      | Noticed Crazy Yiuf
  3212 | D:3      | Killed Crazy Yiuf
  3213 | D:3      | Reached XP level 5. HP: 12/41 MP: 4/10
  3445 | D:3      | Identified the +5 war axe "Killer Klown's Regret"
                  | {antimagic, *Rage rF+ Str+3 Dex+3}
  3535 | D:3      | Noticed Natasha
  3558 | D:3      | Killed Sigmund
  3559 | D:3      | Reached XP level 6. HP: 42/50 MP: 4/12
  3574 | D:3      | Killed Natasha
  3644 | D:3      | Noticed Natasha
  3653 | D:3      | Killed Natasha
  3654 | D:3      | Reached skill level 5 in Conjurations
  4077 | D:4      | Noticed a sky beast
  4094 | D:4      | Killed a sky beast
  4095 | D:4      | Your scales start taking on a pale cyan-grey colour.
  4095 | D:4      | Reached XP level 7. HP: 22/57 MP: 4/14
  4095 | D:4      | Gained mutation: You are immune to the effects of steam.
                  | [Pale Draconian growth]
  4348 | D:4      | Noticed Grinder
  4368 | D:4      | Killed Grinder
  4369 | D:4      | Reached skill level 5 in Spellcasting
  4494 | D:4      | Noticed Blork the orc
  4503 | D:4      | Killed Blork the orc
  4711 | D:4      | Noticed Pikel
  4726 | D:4      | Killed Pikel
  4727 | D:4      | Reached skill level 6 in Conjurations
  4727 | D:4      | Reached XP level 8. HP: 45/67 MP: 1/17
  5395 | D:5      | Entered Level 5 of the Dungeon
  5912 | D:5      | Found Lole Wam's Antique Armour Shop.
  6076 | D:5      | Identified 2 scrolls of acquirement
  6154 | D:5      | Reached skill level 5 in Fighting
  6350 | D:5      | Found a stormy altar of Qazlal.
  6420 | D:5      | Found a sparkling altar of Nemelex Xobeh.
  6420 | D:5      | Found a sacrificial altar of Ru.
  6512 | D:5      | Reached skill level 7 in Conjurations
  6686 | D:5      | Bought a runed hat for 168 gold pieces
  6837 | D:5      | Acquired the +2 pair of gloves of Unreason {rElec rF+ rC+}
  7052 | D:6      | Learned a level 4 spell: Fulminant Prism
  7057 | D:6      | Learned a level 4 spell: Iskenderun's Mystic Blast
  7125 | D:6      | Reached skill level 5 in Dodging
  7125 | D:6      | Reached XP level 9. HP: 74/74 MP: 18/18
  7361 | D:6      | Found a white marble altar of Elyvilon.
  7614 | D:6      | Found a snail-covered altar of Cheibriados.
  7653 | D:6      | Noticed Prince Ribbit
  7662 | D:6      | Killed Prince Ribbit
  7927 | D:6      | Reached skill level 8 in Conjurations
  8804 | D:7      | Learned a level 4 spell: Flame Wave
  8901 | D:7      | Found a shimmering altar of Xom.
  8901 | D:7      | Found a burning altar of Makhleb.
  9241 | D:7      | Reached skill level 1 in Fire Magic
  9298 | D:7      | Learned a level 3 spell: Inner Flame
  9357 | D:7      | Found a shimmering blue altar of Sif Muna.
  9416 | D:7      | Found a staircase to the Ecumenical Temple.
  9433 | Temple   | Entered the Ecumenical Temple
  9513 | Temple   | Became a worshipper of the Shining One
  9678 | D:8      | Noticed Erica
  9691 | D:8      | Killed Erica
  9692 | D:8      | Reached XP level 10. HP: 84/84 MP: 7/21
  9692 | D:8      | Noticed a two-headed ogre
  9909 | D:8      | Found a staircase to the Lair.
  9911 | D:8      | Noticed a death yak
  9913 | D:8      | Noticed a death yak
  9916 | D:8      | Noticed a death yak
  9929 | D:8      | Found a flagged portal.
  9975 | Bailey   | Entered a bailey
 10193 | Bailey   | Reached * piety under the Shining One
 10204 | Bailey   | Noticed a gargoyle
 10236 | Bailey   | Killed a gargoyle
 10474 | Bailey   | Reached skill level 9 in Conjurations
 10500 | Bailey   | Reached ** piety under the Shining One
 10822 | Bailey   | Reached *** piety under the Shining One
 11071 | D:8      | HP: 4/86 [death yak (8)]
 11074 | D:8      | Slain by a death yak

Illustrated notes

Levels and vault maps discovered:
D:1:      co_arrival_square_in_a_square_in_a_square, layout_loops_corners
D:2:      layout_basic, dilly_ecumenical_altar_fadedgnrine, chequers_big_river
D:3:      layout_basic, uniq_crazy_yiuf_cottage, uniq_natasha, uniq_sigmund
D:4:      layout_loops_ring, serial_bayou, serial_bayou_lagoon_a,
          serial_bayou_shore_b, serial_bayou_shore_b, serial_bayou_pond_a,
          due_unseen_surprise, uniq_pikel, uniq_grinder, uniq_blork_the_orc
D:5:      layout_loops_corners, kennysheep_mini_moat,
          nicolae_overflow_two_pavilions, serial_shops,
          nicolae_inconvenience_store, glass_columns_a, patterned_corridor
D:6:      layout_layer_cave, elyvilon_altar_4,
          mainiacjoe_overflow_surrounded_room, uniq_prince_ribbit1
D:7:      layout_loops_ring, grunt_temple_overflow_champion_of_chaos,
          lemuel_round_altar, minmay_temple_entry_fiery, chequers_mini_garden,
          eino_tiny_chamber
D:8:      layout_basic, dpeg_lair_monsters, enter_bailey_4, uniq_erica
Temple:   jpeg_temple_clearing

Skill      XL: |  1  2  3  4  5  6  7  8  9 10 |
---------------+-------------------------------+-----
Dodging        | 2 3 4 5 6 |  6.5
Fighting       | 1 2 3 4 5 6 7 |  7.3
Spellcasting   | 3 4 6 7 |  7.8
Conjurations   | 5 6 7 8 9 |  9.1
Fire Magic     | 2 4 |  4.5
Stealth        | |  1.7

Action                     |  1- 3 |  4- 6 |  7- 9 | 10-12 || total
---------------------------+-------+-------+-------+-------++-------
  Melee: Unarmed           |    20 |       |       |       ||    20
         Tailslap          |     4 |     1 |    19 |     9 ||    33
         Mace              |       |    16 |   104 |    47 ||   167
         War axe           |       |    12 |    24 |     7 ||    43
   Cast: Magic Dart        |    85 |    52 |   163 |    22 ||   322
         Searing Ray       |       |     6 |    14 |     9 ||    29
         Fulminant Prism   |       |       |     1 |       ||     1
         Flame Wave        |       |       |       |     6 ||     6
         Iskenderun's Myst |       |       |       |     2 ||     2
Ability: Breathe Steam     |       |       |     8 |       ||     8
    Use: Scroll            |       |       |    11 |     3 ||    14
         Potion            |       |       |       |     4 ||     4
 Armour: Skin              |    13 |     7 |    86 |    59 ||   165
  Dodge: Dodged            |    32 |    35 |   184 |   196 ||   447
  Block: Buckler           |       |     3 |    19 |    23 ||    45

Table legend: (Time is in decaauts)
 A = Elapsed time spent in this place.
 B = Non-inter-level travel time spent in this place.
 C = Inter-level travel time spent in this place.
 D = Time resting spent in this place.
 E = Time spent auto-exploring this place.
 F = Levels seen in this place.
 G = Mean time per level.
                   A        B        C        D        E       F      G
               +--------+--------+--------+--------+--------+-----+--------+
         Total |  11247 |  10656 |    591 |   2707 |   6069 |  10 | 1124.7 |
       Dungeon |  10017 |   9440 |    577 |   2100 |   5823 |   8 | 1252.1 |
        Temple |     95 |     81 |     14 |      0 |     61 |   1 |   95.0 |
        Bailey |   1134 |   1134 |      0 |    607 |    185 |   1 | 1134.0 |
               +--------+--------+--------+--------+--------+-----+--------+

Top non-repeatable levels by time:
     D:6: 1706 daAuts
     D:5: 1641 daAuts
     D:4: 1549 daAuts
     D:1: 1405 daAuts
     D:2: 1323 daAuts
     D:3: 1180 daAuts
  Bailey: 1134 daAuts
     D:7: 902 daAuts
     D:8: 308 daAuts
  Temple: 95 daAuts
